TOP OF THE 1ST |
North Carolina State Wolfpack batting - Pitching for South Carolina Gamecocks : RHP Leslie Simpson
|
Pitching: RHP Leslie Simpson
|
|
Batting: LHB Broderick Dempsey
|
0-0: Ground out 4-3 (Groundball, 34)
|
Batting: RHB Jorge García
|
0-0: Swinging Strike 0-1: Ball 1-1: Hit by Pitch
|
Batting: LHB Corey MacGregor
|
0-0: Called Strike 0-1: Foul Ball, location: 2F 0-2: Strikes out looking
|
Batting: RHB Kyle Watkins
|
0-0: Ball 1-0: SINGLE (Line Drive, 6MD) Jorge García to second
|
Batting: RHB Larry Glover
|
0-0: Ball 1-0: Ball 2-0: Fly out, F9 (Flyball, 9LSF)
|
Top of the 1st over - 0 run(s), 1 hit(s), 0 error(s), 2 left on base; North Carolina State 0 - South Carolina 0 |
BOTTOM OF THE 1ST |
South Carolina Gamecocks batting - Pitching for North Carolina State Wolfpack : RHP Scott Hall
|
Pitching: RHP Scott Hall
|
|
Batting: RHB Rob DeWitt
|
0-0: Ball 1-0: Fly out, F9 (Line Drive, 89M)
|
Batting: RHB José Maldonado
|
0-0: Ball 1-0: SINGLE (Groundball, 34D)
|
Batting: LHB Bill Walter
|
0-0: Called Strike 0-1: Ball 1-1: Called Strike 1-2: Fly out, F8 (Flyball, 8LD) Runner from 1st tags up, SAFE at 2nd
|
Batting: LHB Chandler Pitts
|
0-0: Ball 1-0: Called Strike 1-1: Hit by Pitch
|
Batting: RHB Fernando Pérez
|
0-0: Called Strike 0-1: Ball 1-1: Foul Ball, location: 2F 1-2: Ball 2-2: Fielders Choice at 2nd, 6-4 (Groundball, 6)
|
Bottom of the 1st over - 0 run(s), 1 hit(s), 0 error(s), 1 left on base; North Carolina State 0 - South Carolina 0 |
TOP OF THE 2ND |
North Carolina State Wolfpack batting - Pitching for South Carolina Gamecocks : RHP Leslie Simpson
|
Batting: LHB Aaron Atkins
|
0-0: Foul Ball, location: 2F 0-1: Swinging Strike 0-2: Foul Ball, location: 2F 0-2: Strikes out swinging
|
Batting: SHB Joel Clay
|
0-0: Called Strike 0-1: Ball 1-1: Ball 2-1: Ball 3-1: SINGLE (Line Drive, 8LS)
|
Batting: LHB Shawn Joyce
|
0-0: Ball 1-0: Foul Ball, location: 2F 1-1: Ball 2-1: TRIPLE (Line Drive, 89XD) Joel Clay scores
|
Batting: RHB Roberto Landavazo
|
0-0: Swinging Strike 0-1: Ball 1-1: Ball 2-1: Fly out, F9 (Flyball, 89M)
|
Batting: LHB Broderick Dempsey
|
0-0: Ball 1-0: Called Strike 1-1: Ball 2-1: Ball 3-1: Called Strike 3-2: Ground out 4-3 (Groundball, 4)
|
Top of the 2nd over - 1 run(s), 2 hit(s), 0 error(s), 1 left on base; North Carolina State 1 - South Carolina 0 |
BOTTOM OF THE 2ND |
South Carolina Gamecocks batting - Pitching for North Carolina State Wolfpack : RHP Scott Hall
|
Batting: RHB José Martínez
|
0-0: Ball 1-0: Called Strike 1-1: Foul Ball, location: 2F 1-2: Strikes out looking
|
Batting: RHB Ryan Campbell
|
0-0: Ball 1-0: Ball 2-0: Called Strike 2-1: Ball 3-1: Base on Balls
|
Batting: RHB Mason Melton
|
0-0: Foul Ball, location: 2F 0-1: Ball 1-1: Ground out 4-3 (Groundball, 34) Ryan Campbell to second
|
Batting: RHB Edward Green
|
0-0: Ball 1-0: Fly out, F5 (Line Drive, 56)
|
Bottom of the 2nd over - 0 run(s), 0 hit(s), 0 error(s), 1 left on base; North Carolina State 1 - South Carolina 0 |
TOP OF THE 3RD |
North Carolina State Wolfpack batting - Pitching for South Carolina Gamecocks : RHP Leslie Simpson
|
Batting: RHB Jorge García
|
0-0: Called Strike 0-1: Ball 1-1: Foul Ball, location: 2F 1-2: Ball 2-2: Ball 3-2: Foul Ball, location: 2F 3-2: Base on Balls
|
Batting: LHB Corey MacGregor
|
0-0: Ball 1-0: Ball 2-0: Fly out, F7 (Flyball, 7)
|
Batting: RHB Kyle Watkins
|
0-0: Called Strike 0-1: Ball 1-1: Swinging Strike 1-2: Ball 2-2: Foul Ball, location: 2F 2-2: Strikes out swinging
|
Batting: RHB Larry Glover
|
0-0: Ground out U3 (Groundball, 34S)
|
Top of the 3rd over - 0 run(s), 0 hit(s), 0 error(s), 1 left on base; North Carolina State 1 - South Carolina 0 |
BOTTOM OF THE 3RD |
South Carolina Gamecocks batting - Pitching for North Carolina State Wolfpack : RHP Scott Hall
|
Batting: RHB Rob DeWitt
|
0-0: Ball 1-0: Ball 2-0: Ball 3-0: Base on Balls
|
Batting: RHB José Maldonado
|
0-0: Called Strike 0-1: SINGLE (Groundball, 6MD) Rob DeWitt to second Runner from 2nd tries for 3rd, SAFE, throw made to third José Maldonado to second
|
Batting: LHB Bill Walter
|
0-0: Called Strike 0-1: Foul Ball, location: 2F 0-2: Ball 1-2: Ball 2-2: Ball 3-2: Base on Balls
|
Batting: LHB Chandler Pitts
|
0-0: Ball 1-0: Ball 2-0: Fly out, F7 (Flyball, 78M) Runner from 3rd tags up, SCORES, no throw
|
Batting: RHB Fernando Pérez
|
0-0: Ball 1-0: Foul Ball, location: 2F 1-1: Foul Ball, location: 2F 1-2: Strikes out looking
|
Batting: RHB José Martínez
|
0-0: Called Strike 0-1: Called Strike 0-2: Ball 1-2: Ball 2-2: Fly out, F5 (Popup, 5L)
|
Bottom of the 3rd over - 1 run(s), 1 hit(s), 0 error(s), 2 left on base; North Carolina State 1 - South Carolina 1 |
TOP OF THE 4TH |
North Carolina State Wolfpack batting - Pitching for South Carolina Gamecocks : RHP Leslie Simpson
|
Batting: LHB Aaron Atkins
|
0-0: Ball 1-0: Ball 2-0: Called Strike 2-1: SINGLE (Line Drive, 78S)
|
Batting: SHB Joel Clay
|
0-0: Hit by Pitch Aaron Atkins to second
|
Batting: LHB Shawn Joyce
|
0-0: Foul Ball, location: 2F 0-1: Ball 1-1: Fielders Choice at 2nd, 3-6 (Groundball, 3D) Aaron Atkins to third
|
Batting: RHB Roberto Landavazo
|
0-0: Ball 1-0: Called Strike Shawn Joyce is caught stealing 2nd base 1-1: Foul Ball, location: 2F 1-2: Strikes out swinging
|
Top of the 4th over - 0 run(s), 1 hit(s), 0 error(s), 1 left on base; North Carolina State 1 - South Carolina 1 |
BOTTOM OF THE 4TH |
South Carolina Gamecocks batting - Pitching for North Carolina State Wolfpack : RHP Scott Hall
|
Batting: RHB Ryan Campbell
|
0-0: Called Strike 0-1: Ball 1-1: Ball 2-1: TRIPLE (Line Drive, 9LM)
|
Batting: RHB Mason Melton
|
0-0: Ball 1-0: Ball 2-0: Called Strike 2-1: Ball 3-1: Called Strike 3-2: Foul Ball, location: 2F 3-2: Strikes out swinging
|
Batting: RHB Edward Green
|
0-0: Fly out, F9 (Flyball, 9LM) Runner from 3rd tags up, SCORES, no throw
|
Batting: RHB Rob DeWitt
|
0-0: Ball 1-0: Ball 2-0: Swinging Strike 2-1: Foul Ball, location: 2F 2-2: Ground out 6-3 (Groundball, 6)
|
Bottom of the 4th over - 1 run(s), 1 hit(s), 0 error(s), 0 left on base; North Carolina State 1 - South Carolina 2 |
TOP OF THE 5TH |
North Carolina State Wolfpack batting - Pitching for South Carolina Gamecocks : RHP Leslie Simpson
|
Batting: LHB Broderick Dempsey
|
0-0: Called Strike 0-1: Swinging Strike 0-2: Ball 1-2: Foul Ball, location: 2F 1-2: Ball 2-2: Strikes out swinging
|
Batting: RHB Jorge García
|
0-0: Ball 1-0: Reached on error, E5 (Groundball, 56S)
|
Batting: LHB Corey MacGregor
|
0-0: Fly out, F3 (Popup, 3S)
|
Batting: RHB Kyle Watkins
|
0-0: Foul Ball, location: 2F 0-1: Called Strike 0-2: Ball 1-2: Strikes out swinging
|
Top of the 5th over - 0 run(s), 0 hit(s), 1 error(s), 1 left on base; North Carolina State 1 - South Carolina 2 |
BOTTOM OF THE 5TH |
South Carolina Gamecocks batting - Pitching for North Carolina State Wolfpack : RHP Scott Hall
|
Batting: RHB José Maldonado
|
0-0: Ball 1-0: Ball 2-0: Called Strike 2-1: Foul Ball, location: 2F 2-2: Ball 3-2: Strikes out looking
|
Batting: LHB Bill Walter
|
0-0: Swinging Strike 0-1: SINGLE (Groundball, 34S) (infield hit)
|
Batting: LHB Chandler Pitts
|
0-0: Foul Ball, location: 2F 0-1: Grounds into double play, 3-6-4 (Groundball, 34)
|
Bottom of the 5th over - 0 run(s), 1 hit(s), 0 error(s), 0 left on base; North Carolina State 1 - South Carolina 2 |
TOP OF THE 6TH |
North Carolina State Wolfpack batting - Pitching for South Carolina Gamecocks : RHP Leslie Simpson
|
Batting: RHB Larry Glover
|
0-0: Ball 1-0: Foul Ball, location: 2F 1-1: Called Strike 1-2: Strikes out swinging
|
Pitching: RHP Jake Berrios
|
|
Batting: LHB Aaron Atkins
|
0-0: Ball 1-0: Ball 2-0: Called Strike 2-1: SINGLE (Line Drive, 56)
|
Batting: SHB Joel Clay
|
0-0: Ball 1-0: Foul Ball, location: 2F 1-1: Swinging Strike 1-2: Ball 2-2: Foul Ball, location: 2F 2-2: Foul Ball, location: 2F 2-2: Strikes out swinging
|
Batting: LHB Shawn Joyce
|
0-0: Called Strike 0-1: Foul Ball, location: 2F 0-2: Strikes out looking
|
Top of the 6th over - 0 run(s), 1 hit(s), 0 error(s), 1 left on base; North Carolina State 1 - South Carolina 2 |
BOTTOM OF THE 6TH |
South Carolina Gamecocks batting - Pitching for North Carolina State Wolfpack : RHP Scott Hall
|
Pitching: RHP Clayton Tranter
|
|
Batting: RHB Fernando Pérez
|
0-0: Called Strike 0-1: Ball 1-1: Foul Ball, location: 2F 1-2: Fly out, F8 (Flyball, 8LM)
|
Batting: RHB José Martínez
|
0-0: Called Strike 0-1: Ball 1-1: Swinging Strike 1-2: Strikes out swinging
|
Batting: RHB Ryan Campbell
|
0-0: Ball 1-0: Foul Ball, location: 2F 1-1: Called Strike 1-2: SINGLE (Groundball, 6MD)
|
Batting: RHB Mason Melton
|
0-0: Ball 1-0: Ground out U3 (Groundball, 3)
|
Bottom of the 6th over - 0 run(s), 1 hit(s), 0 error(s), 1 left on base; North Carolina State 1 - South Carolina 2 |
TOP OF THE 7TH |
North Carolina State Wolfpack batting - Pitching for South Carolina Gamecocks : RHP Jake Berrios
|
Batting: RHB Roberto Landavazo
|
0-0: Called Strike 0-1: Swinging Strike 0-2: Ball 1-2: Foul Ball, location: 2F 1-2: Strikes out swinging
|
Batting: LHB Broderick Dempsey
|
0-0: Foul Ball, location: 2F 0-1: Swinging Strike 0-2: Fly out, F7 (Flyball, 78S)
|
Batting: RHB Jorge García
|
0-0: Swinging Strike 0-1: Ball 1-1: Ball 2-1: Called Strike 2-2: Ball 3-2: Strikes out swinging
|
Top of the 7th over - 0 run(s), 0 hit(s), 0 error(s), 0 left on base; North Carolina State 1 - South Carolina 2 |
BOTTOM OF THE 7TH |
South Carolina Gamecocks batting - Pitching for North Carolina State Wolfpack : RHP Clayton Tranter
|
Batting: RHB Edward Green
|
0-0: Ball 1-0: Swinging Strike 1-1: Foul Ball, location: 2F 1-2: Ball 2-2: Foul Ball, location: 2F 2-2: Strikes out swinging
|
Batting: RHB Rob DeWitt
|
0-0: Ball 1-0: Foul Ball, location: 2F 1-1: Fly out, F5 (Line Drive, 5L)
|
Batting: RHB José Maldonado
|
0-0: Ball 1-0: Ball 2-0: Called Strike 2-1: Foul Ball, location: 2F 2-2: Strikes out swinging
|
Bottom of the 7th over - 0 run(s), 0 hit(s), 0 error(s), 0 left on base; North Carolina State 1 - South Carolina 2 |
TOP OF THE 8TH |
North Carolina State Wolfpack batting - Pitching for South Carolina Gamecocks : RHP Jake Berrios
|
Pitching: LHP Michael Harrison
|
|
Now at 3B: Ron Sims
|
|
Batting: LHB Corey MacGregor
|
0-0: Called Strike 0-1: Ball 1-1: Called Strike 1-2: Strikes out swinging
|
Pitching: RHP Manuel Garza
|
|
Batting: RHB Kyle Watkins
|
0-0: Called Strike 0-1: Ball 1-1: Ball 2-1: SOLO HOME RUN (Flyball, 8LXD), Distance : 393 ft
|
Pinch Hitting: RHB Bart Wade
|
0-0: Foul Ball, location: 2F 0-1: Swinging Strike 0-2: Ball 1-2: Ball 2-2: Ball 3-2: Strikes out looking
|
Batting: LHB Aaron Atkins
|
0-0: Fly out, F8 (Flyball, 8LS)
|
Top of the 8th over - 1 run(s), 1 hit(s), 0 error(s), 0 left on base; North Carolina State 2 - South Carolina 2 |
BOTTOM OF THE 8TH |
South Carolina Gamecocks batting - Pitching for North Carolina State Wolfpack : RHP Clayton Tranter
|
Now at 2B: Bart Wade
|
|
Batting: LHB Bill Walter
|
0-0: Ball 1-0: Ball 2-0: SINGLE (Line Drive, 78S)
|
Batting: LHB Chandler Pitts
|
0-0: Foul Ball, location: 2F 0-1: Ball 1-1: Foul Ball, location: 2F 1-2: Strikes out looking
|
Batting: RHB Fernando Pérez
|
0-0: Ball 1-0: Ball Passed Ball! Bill Walter to second 2-0: Intentional Walk
|
Batting: RHB José Martínez
|
0-0: Ball 1-0: Fly out, F8 (Flyball, 8LS)
|
Pitching: LHP Matt Ramey
|
|
Pinch Hitting: RHB Scott Dixon
|
0-0: Swinging Strike 0-1: Fielders Choice at 2nd, 4-6 (Groundball, 4)
|
Bottom of the 8th over - 0 run(s), 1 hit(s), 0 error(s), 1 left on base; North Carolina State 2 - South Carolina 2 |
TOP OF THE 9TH |
North Carolina State Wolfpack batting - Pitching for South Carolina Gamecocks : RHP Manuel Garza
|
Pitching: LHP José Carlos
|
|
Now at 2B: Scott Dixon
|
|
Pinch Hitting: LHB Steven Gregory
|
0-0: Called Strike 0-1: Ball 1-1: Ball 2-1: Swinging Strike 2-2: Foul Ball, location: 2F 2-2: Foul Ball, location: 2F 2-2: Ball 3-2: Base on Balls
|
Batting: LHB Shawn Joyce
|
0-0: Foul Ball, location: 2F 0-1: Called Strike 0-2: Strikes out looking
|
Batting: RHB Roberto Landavazo
|
0-0: Ball 1-0: Ball 2-0: Ball 3-0: Called Strike 3-1: Base on Balls Steven Gregory to second
|
Batting: LHB Broderick Dempsey
|
0-0: Ball 1-0: Ball 2-0: Ball 3-0: Base on Balls Steven Gregory to third Roberto Landavazo to second
|
Batting: RHB Jorge García
|
0-0: Called Strike 0-1: Ball 1-1: Ball 2-1: Foul Ball, location: 2F 2-2: Foul Ball, location: 2F 2-2: Strikes out swinging
|
Batting: LHB Corey MacGregor
|
0-0: Ball 1-0: Foul Ball, location: 2F 1-1: Called Strike 1-2: Ball 2-2: Foul Ball, location: 2F 2-2: Fielders Choice at 2nd, 6-4 (Groundball, 6)
|
Top of the 9th over - 0 run(s), 0 hit(s), 0 error(s), 2 left on base; North Carolina State 2 - South Carolina 2 |
BOTTOM OF THE 9TH |
South Carolina Gamecocks batting - Pitching for North Carolina State Wolfpack : LHP Matt Ramey
|
Now at C: Jonathon García
|
|
Batting: RHB Mason Melton
|
0-0: SINGLE (Groundball, 4) (infield hit)
|
Batting: SHB Ron Sims
|
0-0: Bunted foul 0-1: Bunted foul 0-2: Ball 1-2: Ball 2-2: Ball 3-2: Base on Balls Mason Melton to second
|
Batting: RHB Rob DeWitt
|
0-0: Foul Ball, location: 2F 0-1: Ball 1-1: Foul Ball, location: 2F 1-2: SINGLE (Groundball, 56) (infield hit) Mason Melton to third Ron Sims to second
|
Batting: RHB José Maldonado
|
0-0: Ball 1-0: Ball 2-0: Called Strike 2-1: Ball 3-1: Called Strike 3-2: Fly out, F9 (Flyball, 9LM) Runner from 3rd tags up, SCORES, no throw
|
Thursday, March 30th, 2017 - OOTP Baseball 17.12 Build 75
|
|